AoeStats
← Thewanderero

Black Forest

503268048Analyzed
4v4 RM · 1mo ago on Aug 30, 2026· 23m 9s· 8 players
Game mode
Random Map
Map size
Large (8 player)
Population
200
Speed
Normal
Resources
Standard
Victory
Conquest
Starting age
Dark Age
Ending age
Imperial Age
RankedLock teamsTeams togetherTeam positionsShared explorationLock speedFull tech treeHidden civsTurbo modeCheats
Victory
Defeat
🇨🇦 Byzantines · Canada
1186
+12
🇵🇰 Saracens · Pakistan
1144
+14
🇧🇷 Mongols · Brazil
1129
+15
🇪🇨 Georgians · Ecuador
1116
+16
🇨🇳 Celts · China
1194
-18
🇪🇸 Teutons · Spain
1086
-13
🇧🇾 Inca · Belarus
1086
-13
🇨🇮 Italians · Côte d’Ivoire
1068
-13
eward17
11:55 Feudal Age
15:28 Castle Age
13:48 Double-Bit Axe
14:38 Horse Collar
16:46 Bow Saw
16:39 Heavy Plow
19:20 Wheelbarrow
22:50 Hand Cart
StaidWinner3432
1:32 Loom
14:15 Feudal Age
14:19 Man-at-Arms
15:03 Town Watch
16:10 Double-Bit Axe
16:08 Horse Collar
24:13 Castle Age
nobody
9:17 Feudal Age
10:35 Loom
15:32 Castle Age
15:52 Horse Collar
16:35 Double-Bit Axe
20:07 Bow Saw
PRO_ENEMY
5:01 Loom
9:55 Feudal Age
12:07 Double-Bit Axe
12:03 Horse Collar
15:49 Wheelbarrow
20:30 Castle Age
20:51 Fletching
21:15 Crossbowman
22:22 Bow Saw
22:13 Heavy Plow
23:02 Thumb Ring
kiko1994
1:57 Loom
12:46 Feudal Age
13:23 Man-at-Arms
17:11 Wheelbarrow
22:38 Castle Age
念
8:33 Loom
15:43 Feudal Age
21:02 Castle Age
20:24 Double-Bit Axe
Kaiser Klein
4:08 Loom
14:02 Feudal Age
15:35 Double-Bit Axe
15:33 Horse Collar
18:11 Castle Age
16:17 Stone Mining
17:47 Wheelbarrow
Thewanderero
9:48 Loom
11:48 Feudal Age
16:25 Castle Age
14:25 Horse Collar
14:31 Double-Bit Axe
16:42 Stone Mining
16:42 Gold Mining
17:23 Bow Saw
17:16 Heavy Plow
22:16 Forging
22:11 Scale Mail Armor
21:57 Champi Runner
22:54 Squires
Connection lost

Rejoining the realm…

Still unreachable

The connection could not be restored.

Session expired

The server has moved on; the page needs a fresh start.